Map: Acid Plant LE

Players

NORTHAMERICA - Winner!

  • Race: Protoss Protoss
  • League: Grandmaster
  • Spawn Location: 11:00

Tieru

  • Race: Zerg Zerg
  • League: Master
  • Spawn Location: 5:00

VOD

Have the link to the VOD?

Description

Time

  • Played on: Sept. 22, 2018, 6:31 a.m.
  • Length: 12:21
Show
View Real Time Build Order
Export as new Build Order

NORTHAMERICA Protoss - Winner!

Build Orders: 1 Gate Expand, Oracle Opening, Phoenix Opening 

Get SALT Encoding   

  12  0:01  Probe  
  13  0:13  Probe  
  14  0:20  Pylon  
  14  0:25  Probe  
  15  0:35  Probe  
  15  0:39  Gateway  
  16  0:43  Probe  
  17  0:51  Assimilator  
  17  0:52  Probe  
  18  1:05  Probe  
  19  1:17  Probe  
  20  1:25  Nexus  
  20  1:36  Cybernetics Core  
  20  1:38  Probe  
  21  1:45  Assimilator  
  21  1:50  Probe  
  22  1:55  Pylon  
  22  2:02  Probe  
  22  2:05  Adept  
  23  2:14  Probe  
  26  2:23  Stargate  
  26  2:27  Probe  
  27  2:33  Pylon  
  27  2:37  Adept, Probe  
  29  2:40  Warp Gate, Probe  
  31  2:45  Probe  
  31  2:48  Probe  
  32  2:54  Probe  
  32  2:58  Probe  
  34  2:59  Phoenix  
  35  3:06  Probe  
  38  3:14  Probe  
  38  3:17  Oracle  
  38  3:18  Probe  
  40  3:23  Pylon  
  40  3:26  Probe  
  44  3:30  Probe  
  44  3:32  Assimilator  
  45  3:36  Assimilator  
  45  3:38  Probe  
  46  3:42  Probe  
  47  3:50  Gateway, Probe  
  47  3:52  Oracle  
  47  3:54  Probe  
  52  4:02  Probe  
  53  4:05  Pylon  
  53  4:06  Probe  
  54  4:14  Probe  
  55  4:18  Pylon, Probe  
  56  4:26  Stargate x2  
  56  4:27  Oracle  
  56  4:28  Probe  
  57  4:32  Pylon, Forge  
  60  4:40  Probe  
  61  4:48  Probe  
  62  4:53  Probe  
  62  4:59  Adept x2  
  67  5:00  Probe  
  67  5:05  Nexus  
  67  5:06  Oracle  
  68  5:11  Oracle x2, Pylon  
  77  5:24  Probe  
  77  5:25  Probe  
  79  5:36  Probe  
  79  5:37  Probe  
  81  5:43  Oracle  
  81  5:46  Shield Battery, Photon Cannon  
  81  5:49  Oracle, Photon Cannon  
  87  5:51  Probe  
  87  5:56  Pylon  
  88  6:02  Shield Battery, Oracle  
  91  6:15  Probe  
  91  6:17  Photon Cannon  
  92  6:21  Shield Battery, Probe x2  
  92  6:22  Oracle  
  92  6:23  Assimilator  
  94  6:27  Assimilator, Probe  
  94  6:29  Oracle  
  101  6:33  Probe x2  
  101  6:38  Photon Cannon  
  101  6:39  Probe  
  104  6:46  Probe  
  105  6:48  Oracle  
  106  6:56  Zealot x2  
  106  7:00  Oracle  
  109  7:03  Photon Cannon  
  106  7:10  Probe  
  106  7:13  Probe  
  108  7:16  Photon Cannon  
  108  7:18  Photon Cannon  
  108  7:19  Oracle, Pylon  
  111  7:25  Oracle  
  111  7:28  Probe  
  115  7:33  Twilight Council  
  115  7:34  Gateway  
  115  7:38  Gateway  
  115  7:39  Gateway  
  115  7:40  Oracle  
  118  7:52  Probe  
  118  7:54  Pylon  
  118  7:55  Pylon  
  118  7:58  Charge  
  119  7:59  Oracle  
  113  8:25  Nexus  
  110  8:27  Pylon  
  110  8:35  Protoss Ground Weapons Level 1  
  110  8:38  Photon Cannon  
  110  8:40  Shield Battery  
  113  8:41  Gateway  
  113  8:43  Gateway  
  113  8:44  Pylon  
  113  8:45  Gateway  
  113  8:47  Zealot x4  
  113  8:48  Templar Archives, Gateway  
  112  8:52  Photon Cannon  
  112  8:58  Photon Cannon  
  112  9:00  Shield Battery, Photon Cannon  
  112  9:04  Zealot  
  112  9:06  Phoenix, Psionic Storm  
  112  9:07  Phoenix x2  
  120  9:20  Probe  
  115  9:26  Pylon, Blink  
  115  9:29  Pylon, High Templar x4  
  123  9:38  Probe  
  123  9:41  Assimilator  
  124  9:46  Assimilator, Robotics Facility  
  124  9:48  Stalker x2  
  124  9:49  Stalker x2  
  124  9:52  Probe  
  133  9:55  Probe  
  133  9:57  Probe  
  133  10:01  High Templar  
  135  10:12  Probe  
  127  10:16  High Templar x2, Zealot x2  
  127  10:17  Zealot x4  
  143  10:23  Archon  
  143  10:30  Observer  
  143  10:32  Probe  
  143  10:34  Pylon  
  144  10:36  High Templar  
  144  10:39  Shield Battery  
  144  10:40  High Templar x2  
  144  10:41  Zealot  
  144  10:42  Zealot x3  
  159  10:46  Archon  
  159  10:52  Warp Prism  
  159  10:55  Probe  
  157  11:01  Probe  
  157  11:04  Stalker x4  
  164  11:05  Stalker x2  
  172  11:19  Pylon x2  
  172  11:23  Zealot x3  
  178  11:29  Zealot x3  
  178  11:30  Zealot x3  
  188  11:39  Immortal  
  182  11:44  Zealot x3  
  172  11:54  Fleet Beacon  
  172  11:59  Archon  
  164  12:04  Zealot x6  
  164  12:05  Zealot x3  
Show
View Real Time Build Order
Export as new Build Order

Tieru Zerg 

Build Orders: Hatch First 

Get SALT Encoding   

  12  0:01  Drone  
  13  0:08  Drone  
  14  0:16  Overlord  
  14  0:21  Extractor  
  14  0:23  Drone  
  15  0:35  Drone x2  
  17  0:51  Hatchery  
  17  0:56  Drone  
  17  0:58  Drone  
  17  1:03  Extractor  
  17  1:14  Spawning Pool  
  17  1:16  Drone  
  17  1:19  Drone  
  18  1:27  Drone  
  19  1:41  Drone  
  20  1:52  Drone  
  21  1:57  Hatchery  
  20  2:02  Queen  
  20  2:07  Metabolic Boost  
  22  2:10  Drone  
  22  2:13  Drone  
  24  2:16  Drone  
  24  2:19  Zergling x2  
  26  2:23  Zergling x2  
  26  2:27  Overlord  
  27  2:31  Drone  
  28  2:45  Queen x2  
  32  2:51  Zergling x2  
  32  2:53  Drone x2  
  32  2:54  Drone  
  36  3:04  Overlord  
  36  3:13  Drone x6  
  42  3:22  Queen  
  42  3:26  Drone x4  
  48  3:33  Drone, Spore Crawler  
  48  3:37  Spore Crawler  
  48  3:38  Drone x2  
  49  3:42  Lair  
  49  3:49  Overlord  
  49  3:54  Extractor  
  48  3:58  Extractor  
  47  4:03  Overlord  
  47  4:08  Drone x3  
  50  4:22  Drone x9  
  57  4:29  Drone  
  58  4:32  Overlord x2  
  58  4:43  Extractor  
  58  4:44  Overlord  
  58  4:45  Drone x2, Hydralisk Den  
  57  4:50  Drone x6  
  62  5:00  Drone  
  62  5:04  Drone x5  
  68  5:13  Zergling x14  
  75  5:15  Hydralisk  
  75  5:16  Muscular Augments, Hydralisk  
  75  5:20  Extractor  
  78  5:23  Hydralisk  
  78  5:24  Hydralisk  
  82  5:35  Overlord x2  
  82  5:41  Overlord  
  82  5:50  Overlord x3  
  82  5:52  Hydralisk x8  
  98  6:01  Overlord x2  
  98  6:03  Hydralisk  
  100  6:06  Hydralisk x2  
  104  6:13  Hydralisk x4  
  104  6:16  Hydralisk  
  114  6:20  Hydralisk  
  114  6:21  Hydralisk  
  118  6:28  Zergling x2, Grooved Spines  
  118  6:29  Zergling x8  
  123  6:35  Hydralisk  
  123  6:36  Hydralisk  
  123  6:37  Zergling x2  
  123  6:38  Zergling x2  
  129  6:45  Hydralisk x3  
  136  6:47  Zergling x6  
  136  6:54  Hydralisk x2  
  136  6:56  Zergling x4  
  89  7:13  Spire  
  89  7:15  Spore Crawler  
  87  7:16  Drone x10  
  87  7:21  Queen x2  
  101  7:38  Hydralisk x6  
  113  7:53  Extractor  
  113  7:55  Baneling Nest  
  90  8:08  Hatchery  
  75  8:19  Hydralisk x12  
  71  8:20  Drone x4  
  89  8:38  Spore Crawler  
  89  8:40  Drone  
  89  8:41  Drone x7  
  96  8:46  Queen  
  94  9:06  Zergling x8  
  94  9:07  Hydralisk x3  
  85  9:26  Drone x9  
  85  9:30  Drone  
  85  9:31  Drone x2  
  97  9:35  Queen  
  97  9:38  Drone x2  
  100  9:40  Drone  
  102  9:47  Drone x4  
  102  9:51  Drone x2  
  108  10:01  Corruptor x3  
  107  10:15  Hydralisk x5  
  107  10:18  Evolution Chamber  
  116  10:22  Queen  
  118  10:30  Drone x8  
  126  10:37  Hydralisk x3  
  132  10:43  Lurker Den  
  131  10:59  Hatchery  
  131  11:00  Drone  
  131  11:01  Drone x5  
  131  11:03  Extractor  
  135  11:16  Hydralisk x8  
  151  11:24  Overlord x3  
  145  11:35  Hydralisk x3  
  149  11:46  Zergling x22  
Tags
 
Add a new tag
Caveats
  • Supply blocks, unpowered buildings, or Contaminate may cause inaccurate times.
  • Supply counts are checked every 10 seconds.